 Dungeon Crawl Stone Soup version 0.27.1-33-g824d729ab1 (webtiles) character file.

Game seed: 16936049963792960290

301 DearestLeader the Fighter (level 6, -8/55 (57) HPs)
             Began as a Gnoll Wanderer on Dec 16, 2021.
             Mangled by a centaur warrior (12 damage)
             ... on level 8 of the Dungeon.
             The game lasted 00:05:48 (3531 turns).

DearestLeader the Fighter (Gnoll Wanderer)          Turns: 3531, Time: 00:05:49

HP:   -8/55 (57)    AC:  4    Str: 11    XL:     6   Next: 37%
MP:   8/8           EV: 10    Int: 11    God:
Gold: 143           SH:  0    Dex: 12    Spells: 8/8 levels left

rFire    . . .     SeeInvis .   a - +2 hand axe
rCold    . . .     Faith    .   (no shield)
rNeg     . . .     Spirit   .   b - +0 ring mail
rPois    .         Reflect  .   (no helmet)
rElec    .         Harm     .   g - +0 cloak
rCorr    .         Rampage  .   (no gloves)
Will     .....                  (no boots)
Stlth    +.........             (no amulet)
HPRegen  0.18/turn              (no ring)
MPRegen  0.11/turn              (no ring)

@: lightly drained
A: fangs 1, strong nose, distributed training, deformed body, weak 1
a: no special abilities


You were on level 8 of the Dungeon.
You visited 1 branch of the dungeon, and saw 6 of its levels.

You collected 143 gold pieces.

Inventory:

Hand Weapons
 a - a +2 hand axe (weapon)
 i - a +1 dagger of holy wrath
Armour
 b - a +0 ring mail (worn)
 g - a +0 cloak (worn)
Scrolls
 e - 7 scrolls of identify
 f - 2 scrolls of vulnerability
 h - a scroll of magic mapping {unknown}
 j - a scroll of fear {unknown}
 k - 2 scrolls of holy word {unknown}
 l - 2 scrolls of amnesia
 o - a scroll of noise {unknown}
 p - 2 scrolls of teleportation {unknown}
Potions
 c - a potion of lignification
 d - a potion of mutation
 m - a potion of brilliance {unknown}
 n - a potion of curing {unknown}
 q - a potion of degeneration {unknown}
 r - 2 potions of berserk rage {unknown}


   Skills:
 + Level 8.7 Fighting
 + Level 1.9 Short Blades
 + Level 1.9 Long Blades
 + Level 5.0 Axes
 + Level 1.9 Maces & Flails
 + Level 1.9 Polearms
 + Level 1.9 Staves
 + Level 1.9 Slings
 + Level 1.9 Bows
 + Level 1.9 Crossbows
 + Level 3.2 Throwing
 + Level 3.2 Armour
 + Level 1.9 Dodging
 + Level 3.0 Stealth
 + Level 1.9 Shields
 + Level 3.2 Unarmed Combat
 + Level 1.9 Spellcasting
 + Level 1.5 Conjurations
 + Level 1.5 Hexes
 + Level 1.5 Summonings
 + Level 1.5 Necromancy
 + Level 1.5 Translocations
 + Level 1.5 Transmutations
 + Level 1.5 Fire Magic
 + Level 1.5 Ice Magic
 + Level 1.5 Air Magic
 + Level 1.5 Earth Magic
 + Level 1.5 Poison Magic
 + Level 2.1 Invocations
 + Level 1.9 Evocations


You had 8 spell levels left.
You didn't know any spells.
Your spell library contained the following spells:

 Spells                   Type           Power      Damage    Failure   Level
 Fulminant Prism          Conj/Hex       2%         3d6       98%         4
 Iskenderun's Mystic Bla  Conj/Tloc      4%         2d3       98%         4
 Lee's Rapid Deconstruct  Erth           2%         3d5*      100%        5


Dungeon Overview and Level Annotations

Branches:
Dungeon (5/15)
 Temple: D:4-7

Altars:
Gozag
Makhleb
Nemelex Xobeh

Shops:
D:3 [


Innate Abilities, Weirdness & Mutations

You have very sharp teeth.
Your uncanny sense of smell can sniff out nearby items.
Your experience applies equally to all skills.
Armour fits poorly on your strangely shaped body.
You are weak. (Str -2)


Message History

You barely miss the wight.
The wight is lightly damaged.
The wight barely misses you.
An orc comes into view. It is wielding a +0 hand axe.
The orc shouts!
You hit the wight but do no damage.
The wight is lightly damaged.
You hear a shout!
The wight hits you with a +0 trident! The wight hits you with a +0 trident.
A centaur warrior comes into view.
An orc comes into view. It is wielding a +0 dagger.
The centaur warrior wields a +0 longbow.
The centaur warrior shoots an arrow.
The arrow hits you!!
Ouch! That really hurt!
* * * LOW HITPOINT WARNING * * *
The wight barely misses you.
As you read the scroll labelled YSO XUW DUAL, it crumbles to dust.
It is a scroll of identify.
l - 2 scrolls of amnesia The centaur warrior drinks a potion.
The centaur warrior seems to speed up.
The wight closely misses you. The wight hits you with a +0 trident.
* * * LOW HITPOINT WARNING * * *
You feel drained.
* * * LOW HITPOINT WARNING * * *
You hit the wight.
The wight is lightly damaged.
You hit the orc.
The centaur warrior unwields a +0 longbow.
The centaur warrior hits you but does no damage.
The centaur warrior kicks you.
* * * LOW HITPOINT WARNING * * *
The wight closely misses you.
It was a potion of mutation.
You feel extremely strange.
You feel weaker.
Your body twists and deforms.
The centaur warrior hits you but does no damage.
The centaur warrior kicks you.
* * * LOW HITPOINT WARNING * * *
The centaur warrior hits you!
You die...

## ##
#o# ∆
#$# ∆
#5# #.#
#z###.#
#@#.#
##c##
#o#o#
#c###.#
#.# #o#
#.# #.#
#.# #.#
#.# ∆
#[# .#
#.#


You could see a centaur warrior (fast), a wight, a shadow imp and 3 orcs.

Vanquished Creatures
  A black bear (D:4)
  A scorpion (D:4)
  An orc priest (D:4)
  4 adders (D:2)
  An adder skeleton (D:4)
  3 dart slugs
  A worm (D:2)
  5 orcs
  5 ball pythons
  7 bats
  2 endoplasms
  4 giant cockroaches
  5 goblins
  4 hobgoblins
  3 jackals
  2 quokkas
  2 frilled lizards
  8 kobolds
  4 rats
63 creatures vanquished.

Notes
Turn   | Place    | Note
-------+----------+-------------------------------------------
     0 | D:1      | DearestLeader the Gnoll Wanderer began the quest for the
                  | Orb.
     0 | D:1      | DearestLeader set off with the following items: a +2 hand
                  | axe, a +0 ring mail, a potion of lignification
     0 | D:1      | Reached XP level 1. HP: 26/26 MP: 1/1
   119 | D:1      | Reached XP level 2. HP: 33/33 MP: 2/2
   658 | D:1      | Reached XP level 3. HP: 38/38 MP: 3/3
  1029 | D:2      | Reached skill level 1 in Invocations
  1281 | D:2      | Found a faded altar of an unknown god.
  1346 | D:2      | Reached skill level 1 in Short Blades
  1346 | D:2      | Reached skill level 1 in Long Blades
  1346 | D:2      | Reached skill level 1 in Maces & Flails
  1346 | D:2      | Reached skill level 1 in Polearms
  1346 | D:2      | Reached skill level 1 in Staves
  1346 | D:2      | Reached skill level 1 in Slings
  1346 | D:2      | Reached skill level 1 in Bows
  1346 | D:2      | Reached skill level 1 in Crossbows
  1346 | D:2      | Reached skill level 1 in Dodging
  1346 | D:2      | Reached skill level 1 in Shields
  1346 | D:2      | Reached skill level 1 in Spellcasting
  1346 | D:2      | Reached skill level 1 in Evocations
  1383 | D:2      | Reached XP level 4. HP: 41/45 MP: 5/5
  2035 | D:3      | Found Pidi's Antique Armour Shoppe.
  2157 | D:3      | Reached skill level 1 in Conjurations
  2157 | D:3      | Reached skill level 1 in Hexes
  2157 | D:3      | Reached skill level 1 in Summonings
  2157 | D:3      | Reached skill level 1 in Necromancy
  2157 | D:3      | Reached skill level 1 in Translocations
  2157 | D:3      | Reached skill level 1 in Transmutations
  2157 | D:3      | Reached skill level 1 in Fire Magic
  2157 | D:3      | Reached skill level 1 in Ice Magic
  2157 | D:3      | Reached skill level 1 in Air Magic
  2157 | D:3      | Reached skill level 1 in Earth Magic
  2157 | D:3      | Reached skill level 1 in Poison Magic
  2159 | D:3      | Found a burning altar of Makhleb.
  2417 | D:4      | Found a sparkling altar of Nemelex Xobeh.
  2428 | D:4      | Found an opulent altar of Gozag.
  2973 | D:4      | Reached XP level 5. HP: 22/51 MP: 5/7
  3165 | D:4      | Noticed a black bear
  3174 | D:4      | Killed a black bear
  3175 | D:4      | Reached XP level 6. HP: 57/57 MP: 8/8
  3375 | D:4      | Reached skill level 5 in Axes
  3495 | D:4      | Noticed a yak
  3496 | D:4      | Noticed a yak
  3519 | D:5      | Entered Level 5 of the Dungeon
  3520 | D:5      | You fall into a shaft and drop 3 floors!
  3527 | D:8      | Noticed a centaur warrior
  3531 | D:8      | Gained mutation: You are weak. (Str -2) [potion of
                  | mutation]
  3531 | D:8      | Gained mutation: Armour fits poorly on your strangely
                  | shaped body. [potion of mutation]
  3531 | D:8      | Mangled by a centaur warrior

Illustrated notes

Levels and vault maps discovered:
D:1:      ncdulo_wetmaze, layout_basic
D:2:      layout_basic, chequers_ecumenical_altar_simple_redux,
          minmay_tetromino_o2
D:3:      layout_basic, lemuel_round_altar, serial_shops, nicolae_square_shop
D:4:      layout_rooms, nicolae_gozag_seed_capital,
          mainiacjoe_overflow_cross_hatched, kennysheep_path_1, uniq_sigmund
D:5:      layout_basic, ashenzari_conservatory_becter, serial_undead,
          serial_undead_c, serial_undead_c, serial_undead_a, serial_undead_b,
          serial_undead_d, serial_undead_e, serial_undead_d, uniq_eustachio
D:8:      minmay_imperfect_grid, layout_gridville,
          lemuel_mausoleum_altar_kikubaaqudgha, enter_bailey_3, st_stairs_5

Skill      XL: |  1  2  3  4  5  6 |
---------------+-------------------+-----
Invocations    | 1 2 |  2.1
Short Blades   | 1 |  1.9
Long Blades    | 1 |  1.9
Maces & Flails | 1 |  1.9
Polearms       | 1 |  1.9
Staves         | 1 |  1.9
Slings         | 1 |  1.9
Bows           | 1 |  1.9
Crossbows      | 1 |  1.9
Dodging        | 1 |  1.9
Shields        | 1 |  1.9
Spellcasting   | 1 |  1.9
Evocations     | 1 |  1.9
Conjurations   | 1 |  1.5
Hexes          | 1 |  1.5
Summonings     | 1 |  1.5
Necromancy     | 1 |  1.5
Translocations | 1 |  1.5
Transmutations | 1 |  1.5
Fire Magic     | 1 |  1.5
Ice Magic      | 1 |  1.5
Air Magic      | 1 |  1.5
Earth Magic    | 1 |  1.5
Poison Magic   | 1 |  1.5
Throwing       | 3 |  3.2
Armour         | 3 |  3.2
Unarmed Combat | 3 |  3.2
Stealth        | 3 |  3.0
Axes           | 5 |  5.0
Fighting       | |  8.7

Action                   |  1- 3 |  4- 6 || total
-------------------------+-------+-------++-------
Melee: Hand axe          |    84 |   100 ||   184
       Bite              |     6 |     4 ||    10
       Punch             |     1 |       ||     1
  Use: Scroll            |     1 |     1 ||     2
       Potion            |       |     2 ||     2
 Stab: Sleeping          |     3 |       ||     3
Armor: Ring mail         |    26 |    28 ||    54
       Skin              |       |    10 ||    10
Dodge: Dodged            |    48 |    60 ||   108
